 Dungeon Crawl Stone Soup version 0.28.0-53-g5a82cb258f (webtiles) character file.

Game seed: 9764215216992858496

48 MiltankisOP the Ducker (level 3, -8/27 HPs)
             Began as an Octopode Monk on July 14, 2022.
             Killed from afar by Sigmund (11 damage)
             ... with a puff of flame
             ... on level 2 of the Dungeon.
             The game lasted 00:01:06 (1488 turns).

MiltankisOP the Ducker (Octopode Monk)              Turns: 1488, Time: 00:01:06

Health: -8/27      AC:  1    Str: 10    XL:     3   Next: 72%
Magic:  3/3        EV: 14    Int: 12    God:
Gold:   47         SH:  0    Dex: 16    Spells: 2/2 levels left

rFire   . . .      SeeInvis .     - Unarmed
rCold   . . .      Faith    .   (no shield)
rNeg    . . .      Spirit   .   (helmet restricted)
rPois   .          Reflect  .   (no amulet)
rElec   .          Harm     .   (no ring)
rCorr   .          Rampage  .   (no ring)
Will    .....                   (no ring)
Stlth   +++.......              (no ring)
HPRegen 0.09/turn               (no ring)
MPRegen 0.08/turn               (no ring)
                                (no ring)
                                (no ring)

@: no status effects
A: almost no armour, amphibious, 8 rings, camouflage 1, gelatinous body 1,
(nimble swimmer 1), tentacles
a: no special abilities


You were on level 2 of the Dungeon.
You visited 1 branch of the dungeon, and saw 2 of its levels.

You collected 47 gold pieces.

Inventory:

Scrolls
 a - a scroll of identify {unknown}


   Skills:
 + Level 3.8 Fighting
 + Level 3.8 Dodging
 - Level 2.6 Stealth
 - Level 3.0 Unarmed Combat


You had 2 spell levels left.
You didn't know any spells.
Your spell library contained the following spells:

 Spells                   Type           Power      Damage    Failure   Level
 Foxfire                  Conj/Fire      0%         2x1d4     32%         1
 Conjure Flame            Conj/Fire      0%         6-21      69%         3
 Inner Flame              Hex/Fire       0%         N/A       69%         3
 Flame Wave               Conj/Fire      0%         2d4       97%         4


Dungeon Overview and Level Annotations

Branches:
Dungeon (2/15)

Altars:

Annotations:
D:2 Sigmund


Innate Abilities, Weirdness & Mutations

You cannot wear most types of armour.
You are amphibious.
You can wear up to eight rings at the same time.
Your skin changes colour to match your surroundings (Stealth+).
Your rubbery body absorbs attacks. (AC +1, EV +1)
((You are camouflaged when in or above water. (Stealth+)))
You have tentacles for arms and can constrict up to eight enemies at once.


Message History

There are monsters nearby!
Sigmund shouts!
Sigmund zaps a wand.
The puff of flame misses you. The ball python closely misses you. x2
You closely miss the ball python. Your grab misses the ball python.
The ball python closely misses you. The ball python barely misses you.
Sigmund barely misses you.
You tentacle-slap the ball python but do no damage.
You grab the ball python. You squeeze the ball python.
You kill the ball python!
Sigmund hits you with a +0 scythe.
You closely miss Sigmund. You grab Sigmund. You squeeze Sigmund.
Sigmund is lightly wounded.
You constrict Sigmund. You tentacle-slap Sigmund.
Sigmund is moderately wounded.
You constrict Sigmund, but do no damage.
Sigmund hits you with a +0 scythe!
You barely miss Sigmund.
Sigmund is moderately wounded.
You constrict Sigmund. Sigmund misses you.
You tentacle-slap Sigmund.
Sigmund is moderately wounded.
You constrict Sigmund. You tentacle-slap Sigmund.
Sigmund is heavily wounded.
You constrict Sigmund.
Sigmund zaps a wand.
The puff of flame hits you!
* * * LOW HITPOINT WARNING * * *
You tentacle-slap Sigmund.
Sigmund is heavily wounded.
You constrict Sigmund.
Sigmund mumbles some strange words.
Sigmund flickers and vanishes!
Deactivating autopickup; reactivate with Ctrl-A.
Okay, then.
You tentacle-slap something. You constrict something.
You hear some strange, mumbled words.
A puff of flame appears from out of thin air!
The puff of flame hits you!
You die...

#. ##.# @.. #S.
#.. #..
##..#########
####....{@.....#
........######.#
#.# #........#
#.# #.#
#.#.....## #.#
#.# # ##...##
#.# #.# ##.. #.#
#.# ##. #.## #.#
#. #..# #.# ##
#. ##.#


There were no monsters in sight!

Vanquished Creatures
  Terence (D:2)
  2 bats (D:1)
  4 endoplasms (D:1)
  A giant cockroach (D:2)
  2 hobgoblins
  4 jackals (D:2)
  A ball python (D:2)
  A goblin (D:1)
  3 kobolds
  6 rats
25 creatures vanquished.

Vanquished Creatures (others)
  4 toadstools (D:1)
4 creatures vanquished.

Grand Total: 29 creatures vanquished

Notes
Turn   | Place    | Note
-------+----------+-------------------------------------------
     0 | D:1      | MiltankisOP the Octopode Monk began the quest for the Orb.
     0 | D:1      | Reached XP level 1. HP: 16/16 MP: 1/1
   293 | D:1      | Reached XP level 2. HP: 21/21 MP: 2/2
   905 | D:2      | Reached XP level 3. HP: 19/26 MP: 3/3
  1006 | D:2      | Noticed Terence
  1014 | D:2      | Killed Terence
  1470 | D:2      | Noticed Sigmund
  1488 | D:2      | Killed from afar by Sigmund

Illustrated notes

Levels and vault maps discovered:
D:1:      ldierk_water_garden, layout_basic, chequers_serial_rivers_large_b,
          minmay_misc_feat_pillars
D:2:      layout_loops_ring, serial_shops, shop, nrook_uturn, uniq_terence,
          uniq_sigmund

Action                   || total
-------------------------++-------
Melee: Unarmed           ||    68
       Constrict         ||    17
       Tentacles         ||    13
       Punch             ||     2
 Stab: Sleeping          ||     3
Armor: Skin              ||     7
Dodge: Dodged            ||    34
